 Dungeon Crawl Stone Soup version 0.20.0-10-g0535bb4 (webtiles) character file.

235 MTVSty1e the Skirmisher (level 6, -6/40 HPs)
             Began as a Gargoyle Fighter on June 4, 2017.
             Mangled by an ogre
             ... wielding a +0 giant club
              (26 damage)
             ... on level 3 of the Dungeon.
             The game lasted 00:04:58 (1734 turns).

MTVSty1e the Skirmisher (Gargoyle Fighter)          Turns: 1734, Time: 00:04:59

Health: -6/40      AC: 11    Str: 19 (22) XL:     6   Next: 6%
Magic:  6/6        EV:  7    Int:  6 (8)  God:
Gold:   106        SH:  8    Dex:  8 (9)  Spells: 5/5 levels left

rFire    . . .     SeeInvis +   a - +0 war axe
rCold    . . .     Gourm    .   c - +0 shield
rNeg     + . .     Faith    .   b - +0 scale mail
rPois    ∞         Spirit   .   (no helmet)
rElec    +         Reflect  .   (no cloak)
rCorr    .         Harm     .   (no gloves)
MR       .....                  (no boots)
Stlth    ..........             (no amulet)
Regen    0.2/turn               o - ring of see invisible
MPRegen  0.1/turn               (no ring)

@: flying
A: negative energy resistance 1, electricity resistance, unbreathing,
petrification resistance, rot immunity, AC +4
a: no special abilities


You were on level 3 of the Dungeon.
You were not hungry.

You visited 1 branch of the dungeon, and saw 3 of its levels.

You collected 106 gold pieces.

Inventory:

Hand Weapons
 a - a +0 war axe (weapon)
Armour
 b - a +0 scale mail (worn)
 c - a +0 shield (worn)
Jewellery
 o - a ring of see invisible (left hand)
Scrolls
 e - 3 scrolls of identify {unknown}
 i - a scroll of magic mapping {unknown}
 j - a scroll of amnesia {unknown}
 n - a scroll of teleportation {unknown}
Potions
 h - a potion of degeneration
 k - a potion of cancellation {unknown}
 l - a potion of berserk rage {unknown}


   Skills:
 + Level 5.0 Fighting
 * Level 4.5 Axes
 - Level 3.2 Armour
 - Level 3.2 Shields


You had 5 spell levels left.
You didn't know any spells.

Dungeon Overview and Level Annotations

Branches:
Dungeon (3/15)

Altars:
Uskayaw


Innate Abilities, Weirdness & Mutations

You are resistant to torment.
Your stone body is resilient. (AC +4)
You are immune to poison.
You resist negative energy. (rN+)
You are resistant to electric shocks. (rElec)
You can survive without breathing.
You are immune to petrification.
You are immune to rotting.


Message History

The gnoll barely misses you. You block the gnoll's attack.
The gnoll barely misses you. The gnoll hits you but does no damage.
You slash the gnoll!
You kill the gnoll!
You have reached level 6!
Your experience leads to an increase in your attributes!
Your base attributes are Str 21, Int 8, Dex 9.
Increase (S)trength, (I)ntelligence, or (D)exterity?
You feel stronger.
Your shield and scale mail prevent you from hitting the gnoll.
You slash the gnoll!
You kill the gnoll!
You feel your intelligence returning. The gnoll hits you.
It was a potion of flight.
You feel very buoyant.
You fly up into the air.
The gnoll hits you but does no damage. The ogre hits you with a giant club!!
Ouch! That really hurt!
You die...

#############
.......#8..8#
......g)....+
......O@....+
.......#....#
+#######....#
#....# #....#
#....#
######''''#####
...............
≈
≈≈≈≈≈≈....≈≈≈≈≈


You could see an ogre and a gnoll.

Vanquished Creatures
  2 orc wizards (D:2)
  7 gnolls (D:3)
  3 adders (D:2)
  3 worms (D:2)
  A dart slug (D:2)
  3 leopard geckos
  2 orcs (D:2)
  6 giant cockroaches
  8 hobgoblins
  4 jackals (D:3)
  9 kobolds
  A quokka (D:2)
  4 ball pythons
  7 bats
  2 frilled lizards
  7 goblins
  5 rats
74 creatures vanquished.

Notes
Turn   | Place    | Note
-------+----------+-------------------------------------------
     0 | D:1      | MTVSty1e the Gargoyle Fighter began the quest for the Orb.
     0 | D:1      | Reached XP level 1. HP: 14/14 MP: 1/1
    99 | D:1      | Reached XP level 2. HP: 18/19 MP: 2/2
   413 | D:1      | Reached XP level 3. HP: 23/24 MP: 3/3
   692 | D:1      | Reached skill level 4 in Fighting
   928 | D:2      | Reached XP level 4. HP: 25/30 MP: 4/4
   978 | D:2      | Found a hide-covered altar of Uskayaw.
  1383 | D:2      | Reached XP level 5. HP: 23/34 MP: 5/5
  1720 | D:3      | Noticed an ogre
  1732 | D:3      | Reached skill level 5 in Fighting
  1733 | D:3      | Reached XP level 6. HP: 26/40 MP: 6/6
  1734 | D:3      | Mangled by an ogre

Skill      XL: |  1  2  3  4  5 |
---------------+----------------+-----
Axes           | 2 3 4 |  4.5
Fighting       | 4 5 |  5.0
Armour         | |  3.2
Shields        | |  3.2

Action                   |  1- 3 |  4- 6 || total
-------------------------+-------+-------++-------
Melee: War axe           |   140 |    93 ||   233
  Use: Potion            |       |     4 ||     4
  Eat: Bread ration      |       |     1 ||     1
Armor: Scale mail        |    94 |    88 ||   182
Dodge: Dodged            |    39 |    52 ||    91
Block: Shield            |    88 |    71 ||   159
